 Dungeon Crawl Stone Soup version 0.23.2 (webtiles) character file.

Game seed: 780201871410899985

30 Borgoz the Sneak (level 3, -2/28 HPs)
             Began as a Ghoul Enchanter on Apr 4, 2019.
             Slain by a worker ant (7 damage)
             ... on level 2 of the Dungeon.
             The game lasted 00:02:17 (1178 turns).

Borgoz the Sneak (Ghoul Enchanter)                  Turns: 1178, Time: 00:02:18

Health: -2/28      AC:  5    Str: 11    XL:     3   Next: 20%
Magic:  4/4        EV: 10    Int: 10    God:
Gold:   37         SH:  0    Dex: 10    Spells: 4/5 levels left

rFire    . . .     SeeInvis .   j - +0 short sword
rCold    + . .     Gourm    .   (no shield)
rNeg     + + +     Faith    .   h - +0 ring mail (curse)
rPois    ∞         Spirit   .   (no helmet)
rElec    .         Reflect  .   (no cloak)
rCorr    .         Harm     .   (no gloves)
MR       .....                  (no boots)
Stlth    +.........             (no amulet)
HPRegen  0.00/turn              (no ring)
MPRegen  0.09/turn              (no ring)

@: very slightly contaminated, rotting, invisible
A: rotting body, claws 1, carnivore, cold resistance 1, negative energy
resistance 3, inhibited regeneration, torment resistance, unbreathing
a: no special abilities


You were on level 2 of the Dungeon.
You were not hungry.

You visited 1 branch of the dungeon, and saw 2 of its levels.

You collected 37 gold pieces.

Inventory:

Hand Weapons
 j - a +0 short sword (weapon)
Armour
 h - a cursed +0 ring mail (worn)
Scrolls
 c - 2 scrolls of teleportation {unknown}
 e - a scroll of enchant weapon {unknown}
 f - a scroll of identify {unknown}
 g - a scroll of enchant armour {unknown}
Comestibles
 d - 2 rations


   Skills:
 + Level 1.1 Fighting
 * Level 1.7 Short Blades
 + Level 0.9 Armour
 + Level 2.1 Dodging
 - Level 3.2 Stealth
 - Level 1.7 Spellcasting
 - Level 2.4 Hexes


You had 4 spell levels left.
You knew the following spells:

 Your Spells              Type           Power        Failure   Level  Hunger
a - Corona                Hex            #......      28%         1    ##.....

Your spell library contained the following spells:

 Spells                   Type           Power        Failure   Level  Hunger
 Ensorcelled Hibernation  Hex/Ice        #.....       58%         2    ###....
 Confuse                  Hex            #.......     65%         3    ####...
 Tukima's Dance           Hex            #.......     65%         3    ####...
 Dazzling Spray           Conj/Hex       #.....       82%         3    ####...


Dungeon Overview and Level Annotations

Branches:
Dungeon (2/15)

Altars:
Trog


Innate Abilities, Weirdness & Mutations

Your body is rotting away.
You thrive on raw meat.
You are immune to poison.
You have sharp fingernails.
You are carnivorous and can eat meat at any time.
Your flesh is cold resistant. (rC+)
You are immune to negative energy. (rN+++)
You do not regenerate when monsters are visible.
You are immune to unholy pain and torment.
You can survive without breathing.


Message History

The worker ant is moderately wounded.
The worker ant closely misses you.
You strike the helpless worker ant from behind!
You hit the worker ant.
The worker ant is heavily wounded.
The worker ant bites you.
* * * LOW HITPOINT WARNING * * *
You hit the worker ant but do no damage.
The worker ant is heavily wounded.
The worker ant bites you but does no damage.
You hit the worker ant.
The worker ant is severely wounded.
The worker ant completely misses you. The worker ant misses you.
You hit the worker ant but do no damage.
The worker ant is severely wounded.
The worker ant barely misses you.
You closely miss the worker ant.
The worker ant is severely wounded.
The worker ant bites you!
You die...

.. #.# #.# .
#######.# ..
#....##.#
...#....##.#
........@..#
.......a...#
...#....##.##
#######..####.##
................
########..###.#
##.# #.# #.#


You could see a worker ant.

Vanquished Creatures
  An ooze (D:1)
  A dart slug (D:2)
  2 leopard geckos (D:1)
  A bat (D:1)
  A giant cockroach (D:2)
  4 goblins
  3 hobgoblins (D:1)
  2 frilled lizards (D:1)
  2 kobolds (D:1)
  5 rats
  4 toadstools (D:1)
26 creatures vanquished.

Notes
Turn   | Place    | Note
-------+----------+-------------------------------------------
     0 | D:1      | Borgoz the Ghoul Enchanter began the quest for the Orb.
     0 | D:1      | Reached XP level 1. HP: 14/14 MP: 2/2
    61 | D:1      | Reached skill level 1 in Short Blades
    79 | D:1      | Reached XP level 2. HP: 4/22 MP: 3/3
   912 | D:1      | Reached skill level 1 in Fighting
  1088 | D:2      | Found a bloodstained altar of Trog.
  1101 | D:2      | Reached XP level 3. HP: 28/28 MP: 4/4
  1178 | D:2      | Slain by a worker ant

Skill      XL: |  1  2 |
---------------+-------+-----
Short Blades   | 1 |  1.7
Dodging        | 2 |  2.1
Fighting       | 1 |  1.1
Armour         | |  0.9
Stealth        | |  3.2
Spellcasting   | |  1.7
Hexes          | |  2.4

Action                   || total
-------------------------++-------
Melee: Dagger            ||    87
       Short sword       ||    47
  Use: Potion            ||     2
 Stab: Sleeping          ||     1
       Invisible         ||     1
  Eat: Chunk             ||     8
Armor: Leather armour    ||    11
       Ring mail         ||    19
       Robe              ||     1
Dodge: Dodged            ||    74
